 Dungeon Crawl Stone Soup version 0.29-a0-91-gdebf4667c2 (webtiles) character file.

Game seed: 10376870375096444120

67 Hubjo the Sneak (level 4, -1/32 HPs)
             Began as a Vampire Enchanter on Feb 8, 2022.
             Slain by a black bear (5 damage)
             ... on level 4 of the Dungeon.
             The game lasted 00:04:22 (2572 turns).

Hubjo the Sneak (Vampire Enchanter)                 Turns: 2572, Time: 00:04:23

Health: -1/32      AC:  2    Str:  9    XL:     4   Next: 0%
Magic:  7/7        EV: 12    Int: 21    God:
Gold:   104        SH:  0    Dex: 14    Spells: 7/7 levels left

rFire   . . .      SeeInvis +   i - +12 long sword "Pendulum" {freeze, rC- rN++ Int+4 SInv}
rCold   x . .      Faith    .   (no shield)
rNeg    + + .      Spirit   .   b - +0 robe
rPois   .          Reflect  .   (no helmet)
rElec   .          Harm     .   (no cloak)
rCorr   .          Rampage  .   (no gloves)
Will    .....                   (no boots)
Stlth   +++.......              (no amulet)
HPRegen 0.30/turn               (no ring)
MPRegen 0.10/turn               (no ring)

@: healing quickly
A: alive, fangs 3, see invisible, vampiric 2
a: Exsanguinate


You were on level 4 of the Dungeon.
You visited 1 branch of the dungeon, and saw 4 of its levels.

You collected 104 gold pieces.

Inventory:

Hand Weapons
 a - a +1 dagger
 i - the +12 long sword "Pendulum" (weapon) {freeze, rC- rN++ Int+4 SInv}
   (You found it on level 2 of the Dungeon)

   It freezes those it strikes, dealing additional cold damage.
   It can also slow down cold-blooded creatures.
   Int:       It affects your intelligence (+4).
   rC:        It makes you vulnerable to cold.
   rN:        It greatly protects you from negative energy.
   SInv:      It lets you see invisible.
Missiles
 n - 2 atropa-tipped darts (quivered)
Armour
 b - a +0 robe (worn)
Wands
 l - a wand of polymorph (8)
Scrolls
 d - 2 scrolls of fog
 f - a scroll of silence {unknown}
 g - a scroll of identify
 j - a scroll of teleportation {unknown}
 k - a scroll of summoning {unknown}
 m - a scroll of enchant weapon {unknown}
Potions
 c - a potion of invisibility
 e - 2 potions of curing
 h - a potion of attraction {unknown}


   Skills:
 + Level 1.3 Fighting
 + Level 1.8(2.0) Short Blades
 * Level 0.6(1.2) Long Blades
 + Level 2.5 Dodging
 * Level 5.5 Stealth
 - Level 2.0 Spellcasting
 + Level 4.8 Hexes


You had 7 spell levels left.
You didn't know any spells.
Your spell library contained the following spells:

 Spells                   Type           Power      Damage    Failure   Level
 Confusing Touch          Hex            22%        N/A       6%          3
 Tukima's Dance           Hex            22%        N/A       6%          3
 Ensorcelled Hibernation  Hex/Ice        24%        N/A       9%          2
 Dazzling Flash           Conj/Hex       24%        N/A       16%         3


Dungeon Overview and Level Annotations

Branches:
Dungeon (4/15)
 Temple: D:4-7

Altars:
Fedhas

Shops:
D:1 *


Innate Abilities, Weirdness & Mutations

Your natural rate of healing is accelerated.
You have razor-sharp teeth.
You have supernaturally acute eyesight. (SInv)
You are afflicted with vampirism and can become a bat while bloodless.


Message History

d - 3 scrolls labelled HEKHOT YCIXT (gained 2)
An endoplasm comes into view.
A black bear comes into view.
The helpless black bear fails to defend itself.
You hit the black bear. You freeze the black bear. You bite the black bear.
The black bear is lightly wounded.
The black bear bites you. The black bear closely misses you. x2
You slash the black bear! You freeze the black bear.
The black bear is heavily wounded.
The black bear bites you. The black bear claws you. x2
You hit the black bear. You freeze the black bear.
The black bear is severely wounded.
The black bear goes berserk!
The black bear barely misses you. The black bear claws you.
The black bear misses you.
You are too injured to fight recklessly!
You are too injured to fight recklessly!
You are too injured to fight recklessly!
You are too injured to fight recklessly!
You are too injured to fight recklessly!
You are too injured to fight recklessly!
You are too injured to fight recklessly!
You are too injured to fight recklessly!
You are too injured to fight recklessly!
You are too injured to fight recklessly!
You don't know any spells.
As you read the scroll labelled HEKHOT YCIXT, it crumbles to dust.
The scroll dissolves into smoke.
It was a scroll of fog.
The black bear closely misses you. The black bear barely misses you.
The black bear misses you. The black bear bites you.
The black bear misses you. x2
The endoplasm quivers.
The black bear bites you but does no damage.
The black bear misses you. The black bear barely misses you.
As you read the scroll labelled JEYSTA MUMOIL, it crumbles to dust.
It is a scroll of identify.
e - 2 potions of curing The black bear bites you!
* * * LOW HITPOINT WARNING * * *
The black bear claws you.
You die...

##............
##...###..##
..###
.....###.##
.... #
..........#
#.. .#
#.........##
#..###§#
#..#######.#
#§§#§§# #.##
#.## #§§§§#
#.#
##.######§§§.#
#.#
##....@hJ§§##
#..
######.§§## ##
##§.# ##.# #.#
..# .#


You could see a black bear (berserk) and an endoplasm.

Vanquished Creatures
  A hound skeleton (D:2)
  An adder (D:3)
  2 dart slugs
  2 orcs (D:3)
  2 ball pythons
  3 bats
  6 endoplasms
  3 giant cockroaches
  4 hobgoblins
  5 kobolds
  3 quokkas
  2 goblins
  2 rats
36 creatures vanquished.

Vanquished Creatures (others)
  2 plants (D:2)
2 creatures vanquished.

Grand Total: 38 creatures vanquished

Notes
Turn   | Place    | Note
-------+----------+-------------------------------------------
     0 | D:1      | Hubjo the Vampire Enchanter began the quest for the Orb.
     0 | D:1      | Reached XP level 1. HP: 13/13 MP: 3/3
    51 | D:1      | Found Zowal's General Store.
   177 | D:1      | Reached XP level 2. HP: 8/20 MP: 5/5
   369 | D:1      | You fall into a shaft and drop 1 floor!
   530 | D:2      | Reached skill level 1 in Fighting
   622 | D:2      | Reached skill level 5 in Stealth
   641 | D:2      | Identified the +12 long sword "Pendulum" {freeze, rC- rN++
                  | Int+4 SInv}
   887 | D:2      | Gained mutation: You are afflicted with vampirism and can
                  | become a bat while bloodless. [Vampire growth]
   887 | D:2      | Reached XP level 3. HP: 16/26 MP: 6/6
  1161 | D:2      | Found a faded altar of an unknown god.
  1705 | D:3      | Found a blossoming altar of Fedhas.
  2062 | D:3      | Reached XP level 4. HP: 28/32 MP: 7/7
  2561 | D:4      | Noticed a black bear
  2572 | D:4      | Slain by a black bear

Illustrated notes

Levels and vault maps discovered:
D:1:      denvon_arrival_planthouse, layout_loops_corners, serial_shops,
          nicolae_diamond_shop, shop, shop, nicolae_square_shop,
          nicolae_shop_waterfront, chequers_serial_rivers_micro_c
D:2:      layout_loops_ring, serial_rivers, chequers_serial_rivers_marsh,
          chequers_serial_rivers_room_a, chequers_serial_rivers_room_b,
          chequers_serial_rivers_marsh, basic_ecumenical_altar,
          chequers_big_river
D:3:      layout_basic, fedhas_altar_4, hangedman_decor_riveting
D:4:      cheibrodos_helix_gallery, layout_layer_cave, general_overflow_altar,
          kennysheep_small_circle, uniq_blork_the_orc, uniq_robin

Skill      XL: |  1  2 |
---------------+-------+-----
Fighting       | 1 |  1.3
Stealth        | 5 |  5.5
Short Blades   | |  1.8
Long Blades    | |  0.6
Dodging        | |  2.5
Spellcasting   | |  2.0
Hexes          | |  4.8

Action                   |  1- 3 |  4- 6 || total
-------------------------+-------+-------++-------
Melee: Dagger            |    81 |       ||    81
       Bite              |     9 |     1 ||    10
       Long sword        |    39 |     3 ||    42
  Use: Scroll            |       |     2 ||     2
 Stab: Sleeping          |    10 |     1 ||    11
Armor: Robe              |    40 |     1 ||    41
Dodge: Dodged            |    99 |    11 ||   110

Table legend: (Time is in decaauts)
 A = Elapsed time spent in this place.
 B = Non-inter-level travel time spent in this place.
 C = Inter-level travel time spent in this place.
 D = Time resting spent in this place.
 E = Time spent auto-exploring this place.
 F = Levels seen in this place.
 G = Mean time per level.
                   A        B        C        D        E       F      G
               +--------+--------+--------+--------+--------+-----+--------+
         Total |   2614 |   2614 |      0 |      0 |   2055 |   4 |  653.5 |
       Dungeon |   2614 |   2614 |      0 |      0 |   2055 |   4 |  653.5 |
               +--------+--------+--------+--------+--------+-----+--------+

Top non-repeatable levels by time:
     D:2: 1185 daAuts
     D:3: 988 daAuts
     D:1: 365 daAuts
     D:4: 74 daAuts
